 Dungeon Crawl Stone Soup version 0.26-a0-651-gb41185065b (webtiles) character file.

Game seed: 6835682296856395151

96 tof the Skirmisher (level 4, -3/41 HPs)
             Began as a Minotaur Berserker on Sept 29, 2020.
             Was a Believer of Trog.
             Slain by Crazy Yiuf
             ... wielding a +2 quarterstaff of chaos
              (11 damage)
             ... on level 2 of the Dungeon.
             The game lasted 00:02:19 (2314 turns).

tof the Skirmisher (Minotaur Berserker)             Turns: 2314, Time: 00:02:19

Health: -3/41      AC:  2    Str: 23    XL:     4   Next: 41%
Magic:  1/3        EV: 12    Int:  4    God:    Trog [**....]
Gold:   93         SH:  0    Dex:  9    Spells: 3/3 levels left

rFire    . . .     SeeInvis .   a - +0 hand axe
rCold    . . .     Faith    .   (no shield)
rNeg     . . .     Spirit   .   b - +0 animal skin
rPois    .         Reflect  .   (helmet restricted)
rElec    .         Harm     .   (no cloak)
rCorr    .         Rampage  .   (no gloves)
MR       .....                  (no boots)
Stlth    +.........             (no amulet)
HPRegen  0.13/turn              (no ring)
MPRegen  0.08/turn              (no ring)

@: lethally poisoned (-3 -> -6)
A: retaliatory headbutt, horns 2
a: Berserk, Trog's Hand, Renounce Religion


You were on level 2 of the Dungeon.
You worshipped Trog.
Trog was pleased with you.
You visited 1 branch of the dungeon, and saw 2 of its levels.

You collected 93 gold pieces.

Inventory:

Hand Weapons
 a - a +0 hand axe (weapon)
Armour
 b - a +0 animal skin (worn)
Jewellery
 j - an uncursed ring of flight {unknown}
Wands
 l - a wand of paralysis (9)
Scrolls
 e - 3 scrolls of magic mapping {unknown}
 f - 2 scrolls of remove curse {unknown}
 g - 4 scrolls of enchant armour {unknown}
 i - a scroll of identify {unknown}
 k - a scroll of fear {unknown}
Potions
 c - 2 potions of curing
 d - a potion of flight {unknown}
 h - a potion of might {unknown}


   Skills:
 + Level 4.7 Fighting
 + Level 4.7 Axes
 + Level 3.8 Armour
 - Level 2.1 Dodging


You had 3 spell levels left.
You didn't know any spells.
Your spell library was empty.

Dungeon Overview and Level Annotations

Branches:
Dungeon (2/15)

Altars:
Kikubaaqudgha
Makhleb
Qazlal
Trog
Yredelemnul

Annotations:
D:2 Crazy Yiuf


Innate Abilities, Weirdness & Mutations

You reflexively headbutt those who attack you in melee.
You have a pair of horns on your head.


Message History

You feel sick.
Crazy Yiuf hits you with a +2 quarterstaff of chaos.
You feel your power leaking away.
You hit Crazy Yiuf but do no damage.
Crazy Yiuf is lightly wounded.
Crazy Yiuf barely misses you.
You hit Crazy Yiuf but do no damage.
Crazy Yiuf is lightly wounded.
You feel sick.
Crazy Yiuf says, "Two!
Rot tired ena."
Crazy Yiuf hits you with a +2 quarterstaff of chaos.
You hit Crazy Yiuf.
Crazy Yiuf is moderately wounded.
Crazy Yiuf hits you with a +2 quarterstaff of chaos!
* * * LOW HITPOINT WARNING * * *
You hit Crazy Yiuf.
Crazy Yiuf is moderately wounded.
You feel sick.
Crazy Yiuf hits you with a +2 quarterstaff of chaos!
You die...

#..###.###.#
#..)........
#.##.#.###.# ####.#.#
#.# #.#.###.#
#.#.#...# ###
####.....#.# #)..###
##.#..#..<#..
#...g@####.......#####
#...##..#..........#..
### ###.#..#......#..
###########...# ##.#.
#.#. #.#. #.#. #.##


You could see Crazy Yiuf.

Vanquished Creatures
  3 adders (D:2)
  A worm (D:2)
  A dart slug (D:2)
  2 leopard geckos (D:1)
  2 giant cockroaches (D:1)
  11 goblins
  5 hobgoblins
  12 jackals (D:1)
  A quokka (D:2)
  5 bats
  4 frilled lizards (D:2)
  5 kobolds
  6 rats
58 creatures vanquished.

Notes
Turn   | Place    | Note
-------+----------+-------------------------------------------
     0 | D:1      | tof the Minotaur Berserker began the quest for the Orb.
     0 | D:1      | Reached XP level 1. HP: 19/19 MP: 0/0
   233 | D:1      | Reached XP level 2. HP: 27/27 MP: 1/1
   498 | D:1      | Reached ** piety under Trog
   506 | D:1      | Reached XP level 3. HP: 25/33 MP: 2/2
  1351 | D:2      | Found a runed translucent door.
  1352 | D:2      | Noticed Crazy Yiuf
  1386 | D:2      | Found a burning altar of Makhleb.
  1544 | D:2      | Reached XP level 4. HP: 38/41 MP: 3/3
  2073 | D:2      | Found an ancient bone altar of Kikubaaqudgha.
  2073 | D:2      | Found a stormy altar of Qazlal.
  2078 | D:2      | Found a faded altar of an unknown god.
  2080 | D:2      | Found a bloodstained altar of Trog.
  2085 | D:2      | Found a basalt altar of Yredelemnul.
  2314 | D:2      | Slain by Crazy Yiuf

Illustrated notes

Levels and vault maps discovered:
D:1:      wander_arrival_estate, layout_basic
D:2:      layout_loops_ring, nicolae_overflow_crystal_walls,
          chequers_temple_overflow_minitemple, uniq_crazy_yiuf_cottage

Skill      XL: |  1  2 |
---------------+-------+-----
Fighting       | 4 |  4.7
Axes           | 4 |  4.7
Armour         | 3 |  3.8
Dodging        | |  2.1

Action                   |  1- 3 |  4- 6 || total
-------------------------+-------+-------++-------
Melee: Hand axe          |    91 |    37 ||   128
       Headbutt          |    16 |     3 ||    19
 Stab: Sleeping          |       |     2 ||     2
Armor: Animal skin       |    12 |     5 ||    17
Dodge: Dodged            |    55 |    22 ||    77

Table legend: (Time is in decaauts)
 A = Elapsed time spent in this place.
 B = Non-inter-level travel time spent in this place.
 C = Inter-level travel time spent in this place.
 D = Time resting spent in this place.
 E = Time spent auto-exploring this place.
 F = Levels seen in this place.
 G = Mean time per level.
                   A        B        C        D        E       F      G
               +--------+--------+--------+--------+--------+-----+--------+
         Total |   2325 |   2299 |     26 |    481 |   1508 |   2 | 1162.5 |
       Dungeon |   2325 |   2299 |     26 |    481 |   1508 |   2 | 1162.5 |
               +--------+--------+--------+--------+--------+-----+--------+

Top non-repeatable levels by time:
     D:1: 1174 daAuts
     D:2: 1150 daAuts
